 Dungeon Crawl Stone Soup version 0.27-a0-668-gb5737ff2c0 (webtiles) character file.

Game seed: 5742532381677257794

38 robertstho the Ruffian (level 3, -5/36 HPs)
             Began as a Troll Fighter on Mar 17, 2021.
             Killed from afar by Sigmund (6 damage)
             ... with a magic dart
             ... on level 2 of the Dungeon.
             The game lasted 00:01:16 (896 turns).

robertstho the Ruffian (Troll Fighter)               Turns: 896, Time: 00:01:18

Health: -5/36      AC:  4    Str: 24    XL:     3   Next: 25%
Magic:  2/2        EV:  8    Int:  5    God:
Gold:   75         SH:  8    Dex:  9    Spells: 2/2 levels left

rFire    . . .     SeeInvis .     - Unarmed
rCold    . . .     Faith    .   b - +0 kite shield
rNeg     . . .     Spirit   .   a - +0 robe
rPois    .         Reflect  .   (helmet restricted)
rElec    .         Harm     .   (no cloak)
rCorr    .         Rampage  .   (gloves unavailable)
Will     .....                  (boots unavailable)
Stlth    +.........             (no amulet)
HPRegen  1.12/turn              (no ring)
MPRegen  0.08/turn              (no ring)

@: mighty
A: large, unfitting armour, claws 3, regeneration 1, shaggy fur 1, tough skin 1
a: no special abilities


You were on level 2 of the Dungeon.
You visited 1 branch of the dungeon, and saw 2 of its levels.

You collected 75 gold pieces.

Inventory:

Armour
 a - a +0 robe (worn)
 b - a +0 kite shield (worn)
Scrolls
 d - a scroll of amnesia {unknown}
 e - a scroll of enchant armour {unknown}
 f - a scroll of magic mapping {unknown}
 h - a scroll of fog {unknown}
Potions
 g - a potion of mutation {unknown}


   Skills:
 * Level 2.7 Fighting
 + Level 2.6 Dodging
 + Level 2.6 Shields
 * Level 2.8 Unarmed Combat


You had 2 spell levels left.
You didn't know any spells.
Your spell library contained the following spells:

 Spells                   Type           Power      Damage    Failure   Level
 Confusing Touch          Hex            0%         N/A       99%         3
 Gell's Gravitas          Tloc           0%         N/A       99%         3
 Petrify                  Tmut/Erth      0%         N/A       100%        4
 Metabolic Englaciation   Hex/Ice        0%         N/A       100%        5
 Yara's Violent Unravell  Hex/Tmut       0%         3d3       100%        5


Dungeon Overview and Level Annotations

Branches:
Dungeon (2/15)

Altars:

Shops:
D:1 ?=[=(

Annotations:
D:2 Sigmund


Innate Abilities, Weirdness & Mutations

You are too large for most types of armour.
You have claws for hands.
Your natural rate of healing is unusually fast.
You are covered in fur. (AC +1)
You have tough skin. (AC +1)


Message History

Sigmund barely misses you.
You are too injured to fight recklessly!
You are too injured to fight recklessly!
You are too injured to fight recklessly!
You are too injured to fight recklessly!
You are too injured to fight recklessly!
You are too injured to fight recklessly!
You are too injured to fight recklessly!
You are too injured to fight recklessly!
You are too injured to fight recklessly!
You are too injured to fight recklessly!
You are too injured to fight recklessly!
You are too injured to fight recklessly!
You are too injured to fight recklessly!
You are too injured to fight recklessly!
You are too injured to fight recklessly!
You are too injured to fight recklessly!
Unknown command.
You feel very mighty all of a sudden.
The kobold hits you with a +2 dagger of protection.
You block Sigmund's attack.
The kobold throws a stone.
You block the stone.
Sigmund casts a spell at himself.
Sigmund flickers and vanishes!
Deactivating autopickup; reactivate with Ctrl-A.
Things that are here:
a jackal corpse; a jackal corpse You barely miss something.
Something hits you. Something freezes you.
* * * LOW HITPOINT WARNING * * *
You closely miss something. The kobold barely misses you. Something hits you.
* * * LOW HITPOINT WARNING * * *
Something freezes you.
* * * LOW HITPOINT WARNING * * *
You miss something.
The kobold hits you with a +2 dagger of protection.
* * * LOW HITPOINT WARNING * * *
You hear some strange, mumbled words.
A magic dart appears from out of thin air!
The magic dart hits you.
You die...

#.##<#.####
....###...#
).##.#.##.##
..###.##...##
......#.###.##
#.####.##
##.## #.##
##.# ...
#.########..
##..
#.lK@{r.....
#.#
#..########..
.. #.#.# .#.
..##.# .#. #.#
#K# #. #l# .
#.# . ..#


You could see a kobold, a frilled lizard and a rat.

Vanquished Creatures
  A dart slug (D:1)
  A leopard gecko (D:1)
  2 ball pythons (D:1)
  5 bats (D:1)
  A giant cockroach (D:1)
  3 goblins (D:1)
  2 hobgoblins (D:1)
  3 jackals (D:2)
  7 kobolds (D:1)
  A quokka (D:1)
  2 frilled lizards (D:1)
  4 rats (D:1)
32 creatures vanquished.

Notes
Turn   | Place    | Note
-------+----------+-------------------------------------------
     0 | D:1      | robertstho the Troll Fighter began the quest for the Orb.
     0 | D:1      | Reached XP level 1. HP: 22/22 MP: 0/0
    27 | D:1      | Found Vuriuwn's Jewellery Emporium.
    36 | D:1      | Found Mokk's Antique Armour Shop.
   102 | D:1      | Found Qyeff's Magic Scroll Boutique.
   132 | D:1      | Reached XP level 2. HP: 29/29 MP: 1/1
   318 | D:1      | Found Ucirygh's Jewellery Boutique.
   367 | D:1      | Found Dam Zeal's Weapon Shoppe.
   651 | D:1      | Reached XP level 3. HP: 36/36 MP: 2/2
   885 | D:2      | Noticed Sigmund
   896 | D:2      | HP: 1/36 [kobold/+2 dagger of protection (4)]
   896 | D:2      | Killed from afar by Sigmund

Illustrated notes

Levels and vault maps discovered:
D:1:      roderic_dead_forest, layout_basic, serial_glass, glass_columns_a,
          glass_columns_a, serial_shops, shop, shop, shop, shop,
          nicolae_shop_trees, minmay_split_cup_small
D:2:      layout_loops_ring, serial_shops, shop, uniq_sigmund

Action                   || total
-------------------------++-------
Melee: Unarmed           ||    64
  Use: Potion            ||     1
 Stab: Sleeping          ||     1
Armor: Robe              ||    16
Dodge: Dodged            ||    17
Block: Kite shield       ||    30

Table legend: (Time is in decaauts)
 A = Elapsed time spent in this place.
 B = Non-inter-level travel time spent in this place.
 C = Inter-level travel time spent in this place.
 D = Time resting spent in this place.
 E = Time spent auto-exploring this place.
 F = Levels seen in this place.
 G = Mean time per level.
                   A        B        C        D        E       F      G
               +--------+--------+--------+--------+--------+-----+--------+
         Total |    907 |    892 |     15 |      0 |    736 |   2 |  453.5 |
       Dungeon |    907 |    892 |     15 |      0 |    736 |   2 |  453.5 |
               +--------+--------+--------+--------+--------+-----+--------+

Top non-repeatable levels by time:
     D:1: 874 daAuts
     D:2: 32 daAuts
